 Dungeon Crawl Stone Soup version 0.31.0-32-g396128a36d (webtiles) character file.

Game seed: 4996643521945594981

22 Silvore the Shield-Bearer (level 2, 0/27 HPs)
             Began as a Minotaur Fighter on Mar 12, 2024.
             Slain by a cerulean imp
             ... wielding a +1 spear
             ... summoned by Natasha
              (3 damage)
             ... on level 2 of the Dungeon.
             The game lasted 00:01:18 (1172 turns).

Silvore the Shield-Bearer (Minotaur Fighter)        Turns: 1172, Time: 00:01:20

Health: 0/27       AC:  7    Str: 20    XL:     2   Next: 68%
Magic:  1/1        EV:  6    Int:  5    God:
Gold:   41         SH:  4    Dex:  9    Spells: 1/1 levels left

rFire   . . .        i - +1 mace
rCold   . . .        c - +0 buckler
rNeg    . . .        b - +0 scale mail
rPois   .            (helmet restricted)
rElec   .            (no cloak)
rCorr   .            (no gloves)
SInv    .            (no boots)
Will    .....        (no amulet) Stlth
                     (no ring)
HPRegen 0.24/turn    (no ring)
MPRegen 0.07/turn

%: no passive effects
@: constricted
A: horns 2, retaliatory headbutt
a: no special abilities


You were on level 2 of the Dungeon.
You visited 1 branch of the dungeon, and saw 2 of its levels.

You collected 41 gold pieces.

Inventory:

Hand Weapons
 a - a +0 flail
 i - a +1 mace (weapon)
Armour
 b - a +0 scale mail (worn)
 c - a +0 buckler (worn)
Potions
 d - a potion of might
 e - 2 potions of enlightenment
 f - a potion of degeneration {unknown}
 g - a potion of haste {unknown}


   Skills:
 + Level 3.9 Fighting
 + Level 2.9 Maces & Flails
 + Level 4.0 Armour
 + Level 0.2 Dodging
 + Level 4.0 Shields


You had one spell level left.
You didn't know any spells.
Your spell library contained the following spells:

 Spells                   Type           Power      Damage    Failure   Level
 Freeze                   Ice            0%         1d3       88%         1
 Frozen Ramparts          Ice            0%         1d1       99%         3
 Hailstorm                Conj/Ice       0%         3d5       99%         3
 Sigil of Binding         Hex            0%         N/A       99%         3
 Conjure Ball Lightning   Conj/Air       0%         3x3d6     100%        6


Dungeon Overview and Level Annotations

Branches:
Dungeon (2/15)

Altars:

Shops:
D:1 !

Annotations:
D:2 Natasha


Innate Abilities, Weirdness & Mutations

You have a pair of horns on your head.
You reflexively headbutt those who attack you in melee.


Message History

Natasha casts a spell.
Natasha is nearby!
Natasha is nearby!
The cerulean imp shouts!
You hear an angry hiss.
Natasha casts a spell at you. The magic dart hits you.
The cerulean imp hits you but does no damage.
Natasha claws you. Natasha closely misses you.
The cerulean imp hits you but does no damage.
You closely miss Natasha. Your headbutt misses Natasha. Natasha claws you.
The cerulean imp hits you with a +1 spear.
A ball python comes into view.
You barely miss Natasha. You block the cerulean imp's attack.
Natasha closely misses you. The cerulean imp closely misses you.
You furiously retaliate!
You headbutt the cerulean imp! Natasha closely misses you.
You closely miss Natasha. Your headbutt misses Natasha.
Natasha mumbles some strange words.
The cerulean imp hits you with a +1 spear.
You closely miss Natasha. Your headbutt misses Natasha.
The ball python bites you but does no damage.
The ball python completely misses you.
The cerulean imp hits you with a +1 spear.
Natasha claws you but does no damage.
The cerulean imp hits you but does no damage.
You barely miss Natasha. Your headbutt misses Natasha.
The ball python bites you.
* * * LOW HITPOINT WARNING * * *
The ball python grabs you. The ball python constricts you.
The cerulean imp hits you but does no damage.
Natasha casts a spell at you. The magic dart hits you.
* * * LOW HITPOINT WARNING * * *
The cerulean imp hits you from afar with a +0 spear.
* * * LOW HITPOINT WARNING * * *
The ball python bites you but does no damage.
The ball python constricts you.
The cerulean imp hits you with a +1 spear.
You die...

#..................#.###.......
#.######....)......# #####.##
#.#......#.#.#####.# ....
#.#.######.#.# #.# .##
#.#......#.#.# #.# # ..
###.#.####.#.#.#####.#..
.......# #...#..5......#
.......# #####..hS.....#
.......# #..@5.....# .......#
#####+#.#.# .......# # .......#
.......# .......# †......#
...(...# ......##


You could see Natasha, 2 cerulean imps and a ball python.

Vanquished Creatures
  A dart slug (D:1)
  A ribbon worm (D:2)
  An endoplasm (D:2)
  A goblin (D:1)
  2 hobgoblins
  2 quokkas (D:1)
  3 ball pythons (D:1)
  4 bats
  A frilled lizard (D:1)
  3 rats (D:1)
19 creatures vanquished.

Notes
Turn   | Place    | Note
-------+----------+-------------------------------------------
     0 | D:1      | Silvore the Minotaur Fighter began the quest for the Orb.
     0 | D:1      | Reached XP level 1. HP: 19/19 MP: 0/0
    93 | D:1      | Got the Volume of Ill-starred Clouds
   359 | D:1      | Reached XP level 2. HP: 24/27 MP: 1/1
   593 | D:1      | Found Retitog's Distillery.
  1163 | D:2      | Noticed Natasha
  1172 | D:2      | Slain by a cerulean imp

Illustrated notes

Levels and vault maps discovered:
D:1:      roadster_arrival_rocket_small, layout_basic, serial_shops, shop,
          shapermc_ecumenical_altar_petra
D:2:      layout_basic, uniq_crazy_yiuf_cottage, uniq_natasha

Skill      XL: |  1  2 |
---------------+-------+-----
Shields        | 4 |  4.0
Armour         | 4 |  4.0
Fighting       | |  3.9
Maces & Flails | |  2.9
Dodging        | |  0.2

Action                     || total
---------------------------++-------
  Melee: Flail             ||    17
         Mace              ||    32
         Headbutt          ||     7
    Use: Scroll            ||     3
 Armour: Scale mail        ||    48
  Dodge: Dodged            ||    24
  Block: Buckler           ||    12
